 Dungeon Crawl Stone Soup version 0.29-a0-11-ga75d3d97ab (webtiles) character file.

Game seed: 689848255778520727

63 horus123 the Grave Robber (level 4, -4/30 HPs)
             Began as a Human Necromancer on Jan 29, 2022.
             Killed from afar by an orc wizard (10 damage)
             ... with a puff of flame
             ... on level 3 of the Dungeon.
             The game lasted 00:05:22 (2746 turns).

horus123 the Grave Robber (Human Necromancer)       Turns: 2746, Time: 00:05:23

Health: -4/30      AC:  2    Str: 10    XL:     4   Next: 30%
Magic:  8/8        EV: 12    Int: 16    God:
Gold:   75         SH:  0    Dex: 13    Spells: 4/9 levels left

rFire   . . .      SeeInvis .   d - +2 mace (holy)
rCold   + . .      Faith    .   (no shield)
rNeg    . . .      Spirit   .   f - +0 robe {rC+}
rPois   .          Reflect  .   (no helmet)
rElec   .          Harm     .   (no cloak)
rCorr   .          Rampage  .   (no gloves)
Will    .....                   (no boots)
Stlth   ++........              (no amulet)
HPRegen 0.10/turn               (no ring)
MPRegen 0.11/turn               (no ring)

@: mighty
A: no striking features
a: no special abilities


You were on level 3 of the Dungeon.
You visited 1 branch of the dungeon, and saw 3 of its levels.

You collected 75 gold pieces.

Inventory:

Hand Weapons
 b - a +0 short sword
 d - a +2 mace of holy wrath (weapon)
Missiles
 c - 88 stones
Armour
 a - a +0 robe
 f - a +0 robe of cold resistance (worn)
Potions
 e - a potion of magic


   Skills:
 - Level 2.0 Dodging
 - Level 2.0 Stealth
 - Level 3.0 Spellcasting
 + Level 4.9 Necromancy


You had 4 spell levels left.
You knew the following spells:

 Your Spells              Type           Power      Damage    Failure   Level
a - Pain                  Necr           72%        1d7       2%          1
b - Animate Dead          Necr           9%         N/A       24%         4

Your spell library contained the following spells:

 Spells                   Type           Power      Damage    Failure   Level
 Animate Skeleton         Necr           36%        N/A       2%          1
 Vampiric Draining        Necr           18%        2d7       8%          3
 Freeze                   Ice            8%         1d3       19%         1
 Frozen Ramparts          Ice            4%         1d2       50%         3
 Hailstorm                Conj/Ice       2%         3d3       88%         4
 Agony                    Necr           18%        N/A       56%         5


Dungeon Overview and Level Annotations

Branches:
Dungeon (3/15)

Altars:


Message History

The giant cockroach closely misses you. The hobgoblin hits you.
The giant cockroach bites you.
You barely miss the giant cockroach.
The giant cockroach is moderately wounded.
The hobgoblin misses you. The giant cockroach misses you.
The hobgoblin barely misses you.
You hit the giant cockroach.
The giant cockroach is severely wounded.
The giant cockroach bites you. x2; The hobgoblin hits you.
You completely miss the giant cockroach.
The giant cockroach is severely wounded.
The giant cockroach closely misses you.
The hobgoblin hits you but does no damage.
The orc wizard gestures wildly while chanting.
The orc wizard flickers and vanishes!
The giant cockroach closely misses you.
You barely miss the giant cockroach.
The giant cockroach is severely wounded.
The hobgoblin barely misses you.
The giant cockroach bites you but does no damage.
The hobgoblin hits you. The giant cockroach misses you.
You barely miss the giant cockroach.
The giant cockroach is severely wounded.
The hobgoblin hits you. The giant cockroach barely misses you.
You hit the giant cockroach.
You kill the giant cockroach!
The hobgoblin hits you but does no damage. x2
You barely miss the hobgoblin. The hobgoblin barely misses you.
You hit the hobgoblin but do no damage. The hobgoblin hits you.
You hit the hobgoblin.
You kill the hobgoblin!
You hear some strange, mumbled words.
A puff of flame appears from out of thin air!
The puff of flame hits you!
* * * LOW HITPOINT WARNING * * *
You closely miss something.
You feel very mighty all of a sudden.
You hear some strange, mumbled words.
A puff of flame appears from out of thin air!
The puff of flame hits you!
You die...

#................#
#.##..######.....#
#. #.............#
# #............##
#.#####.##...# #.
#.##..####.# #.
#...)......# #.
#.##..####.#
#@##..# #{##..#
.o{...# .#......
...###..## .. .
.... ... . ## ##.
.#


You could see an orc wizard.

Vanquished Creatures
  An adder (D:2)
  A dart slug (D:1)
  An orc (D:3)
  7 ball pythons
  6 bats (D:1)
  2 endoplasms (D:1)
  4 giant cockroaches
  4 goblins
  6 hobgoblins
  3 quokkas
  A frilled lizard (D:2)
  4 kobolds
  7 rats
47 creatures vanquished.

Notes
Turn   | Place    | Note
-------+----------+-------------------------------------------
     0 | D:1      | horus123 the Human Necromancer began the quest for the Orb.
     0 | D:1      | Reached XP level 1. HP: 13/13 MP: 3/3
   212 | D:1      | Reached XP level 2. HP: 5/19 MP: 1/5
   919 | D:1      | Reached XP level 3. HP: 24/24 MP: 7/7
  1846 | D:2      | Reached XP level 4. HP: 12/30 MP: 4/8
  2684 | D:3      | Learned a level 4 spell: Animate Dead
  2746 | D:3      | Killed from afar by an orc wizard

Illustrated notes

Levels and vault maps discovered:
D:1:      sevenhm_arrival_forest_fort_large_4, layout_loops_ring,
          minmay_distorted
D:2:      layout_loops_ring
D:3:      layout_loops_ring, serial_shops, nicolae_shop_statue_plus

Skill      XL: |  1  2 |
---------------+-------+-----
Spellcasting   | 3 |  3.0
Dodging        | |  2.0
Stealth        | |  2.0
Necromancy     | |  4.9

Action                   |  1- 3 |  4- 6 || total
-------------------------+-------+-------++-------
Melee: Unarmed           |     1 |       ||     1
       Mace              |     8 |    12 ||    20
       Short sword       |     3 |       ||     3
 Cast: Pain              |    58 |    14 ||    72
  Use: Scroll            |     2 |     1 ||     3
       Potion            |       |     1 ||     1
Armor: Robe              |     3 |     4 ||     7
Dodge: Dodged            |    20 |    12 ||    32

Table legend: (Time is in decaauts)
 A = Elapsed time spent in this place.
 B = Non-inter-level travel time spent in this place.
 C = Inter-level travel time spent in this place.
 D = Time resting spent in this place.
 E = Time spent auto-exploring this place.
 F = Levels seen in this place.
 G = Mean time per level.
                   A        B        C        D        E       F      G
               +--------+--------+--------+--------+--------+-----+--------+
         Total |   2752 |   2682 |     70 |    568 |   1744 |   3 |  917.3 |
       Dungeon |   2752 |   2682 |     70 |    568 |   1744 |   3 |  917.3 |
               +--------+--------+--------+--------+--------+-----+--------+

Top non-repeatable levels by time:
     D:1: 1616 daAuts
     D:2: 1025 daAuts
     D:3: 111 daAuts
